[Event "Titled Tuesday Blitz April 11 Late 2023"]
[White "Melikhov, Evgeny V."]
[Black "Dilmukhametov, Artur"]
[WhiteFideId "4122046"]
[BlackFideId "24179922"]
[WhiteElo "2158"]
[BlackElo "2199"]
[Result "0-1"]
[Round "02"]
[TimeControl "180+2"]
[Date "2023.04.11"]
[WhiteClock "0:00:15"]
[BlackClock "0:01:34"]

1. d4 Nf6 2. c4 a6 3. Nc3 b5 4. e3 b4 5. Na4 e6 6. b3 d5 7. c5 Be7 8. Nf3 O-O 9. Be2 Ne4 10. O-O Bf6 11. Nb2 Bd7 12. Nd3 Nc3 13. Qd2 a5 14. Bb2 Nxe2+ 15. Qxe2 Bb5 16. Rfd1 Nc6 17. Qd2 Ne7 18. a3 Qd7 19. axb4 axb4 20. Rxa8 Rxa8 21. Nxb4 Nf5 22. Ra1 Rxa1+ 23. Bxa1 h6 24. Qa2 Kh7 25. Qa7 Nh4 26. Nxh4 Bxh4 27. Bc3 Qe7 28. Qb7 Qf6 29. g3 Be2 30. Qxc7 Qf5 31. gxh4 Qb1+ 32. Kg2 Qf1+ 33. Kg3 Qg1+ 34. Kh3 Bf1# 0-1


[Site "https://www.chess.com"]

[Event "Titled Tuesday Blitz April 11 Late 2023"]
[White "Baches Garcia, Guillermo"]
[Black "Almeida Junior, Alvaro Alves de"]
[WhiteFideId "2209764"]
[BlackFideId "2149974"]
[WhiteElo "2334"]
[BlackElo "2122"]
[Result "1-0"]
[Round "02"]
[TimeControl "180+2"]
[Date "2023.04.11"]
[WhiteClock "0:00:35"]
[BlackClock "0:00:06"]

1. e4 c5 2. Nf3 d6 3. d4 cxd4 4. Nxd4 Nf6 5. Nc3 a6 6. Be3 e5 7. Nb3 Be6 8. f3 h5 9. Nd5 Bxd5 10. exd5 Nbd7 11. Qd2 Rc8 12. c4 g6 13. Be2 Bg7 14. O-O O-O 15. Rac1 b6 16. Kh1 a5 17. Na1 e4 18. f4 Ng4 19. Bxg4 hxg4 20. f5 Ne5 21. b3 Qh4 22. f6 Bxf6 23. Rf4 Kg7 24. Rxe4 Rh8 25. Bg1 Bg5 26. Qd1 Bxc1 27. Qxc1 f6 28. Nc2 f5 29. Re2 Rce8 30. Nd4 g3 31. h3 Nd3 32. Qc3 Ne5 33. Ne6+ Kf6 34. Bd4 Qh5 35. Bxe5+ dxe5 36. Qxe5+ Kf7 37. Qg7# 1-0


[Site "https://www.chess.com"]

[Event "Titled Tuesday Blitz April 11 Late 2023"]
[White "Cueto, Jonny"]
[Black "Martin Barcelo, Carles"]
[WhiteFideId "3300145"]
[BlackFideId "24561444"]
[WhiteElo "2234"]
[BlackElo "2089"]
[Result "0-1"]
[Round "02"]
[TimeControl "180+2"]
[Date "2023.04.11"]
[WhiteClock "0:00:51"]
[BlackClock "0:00:13"]

1. d4 b6 2. Bf4 Bb7 3. e3 e6 4. Nf3 Nf6 5. c4 Be7 6. h3 O-O 7. Nc3 d6 8. Bd3 Nbd7 9. O-O a6 10. Bh2 c5 11. d5 e5 12. e4 g6 13. Nd2 Nh5 14. g4 Nf4 15. Qf3 Bg5 16. Bxf4 exf4 17. Be2 Ne5 18. Qg2 Bc8 19. f3 Bh4 20. Bd1 Bg3 21. Ne2 Qh4 22. Nxg3 fxg3 23. f4 Nd3 24. Rf3 Ne1 25. Qxg3 Nxf3+ 26. Qxf3 Bd7 27. f5 Rae8 28. Kg2 Kh8 29. f6 Re5 30. Bc2 Rfe8 31. Nf1 h5 32. Ng3 Kg8 33. Qf4 hxg4 34. hxg4 Bxg4 35. Qf2 Bh3+ 36. Kg1 Rg5 37. Kh2 Bf1+ 38. Kg1 Rxg3+ 39. Kxf1 Qh1+ 40. Ke2 Rxe4+ 41. Bxe4 Qxe4+ 42. Kf1 Qd3+ 43. Ke1 Re3+ 44. Qxe3 Qxe3+ 45. Kd1 Qd3+ 46. Kc1 Qxc4+ 47. Kd1 Qd3+ 48. Kc1 Qe3+ 49. Kd1 Qg1+ 50. Kc2 Qxa1 51. a3 Qa2 52. a4 Qxd5 53. b3 Qd4 54. Kb1 Qxf6 55. Ka2 Qc3 56. Ka3 g5 57. a5 Qxa5+ 58. Kb2 Qb4 59. Kc2 g4 60. Kb2 g3 61. Kc2 g2 62. Kd3 g1=Q 63. Ke2 Qe4+ 64. Kd2 Qge1# 0-1


[Site "https://www.chess.com"]

[Event "Titled Tuesday Blitz April 11 Late 2023"]
[White "Barria Santos, Jose Guilherme"]
[Black "Kaplan, Avi Harrison"]
[WhiteFideId "1939300"]
[BlackFideId "30934559"]
[WhiteElo "2266"]
[BlackElo "1983"]
[Result "1-0"]
[Round "02"]
[TimeControl "180+2"]
[Date "2023.04.11"]
[WhiteClock "0:01:22"]
[BlackClock "0:00:03"]

1. Nf3 h6 2. g3 g5 3. Bg2 g4 4. Ng1 d5 5. d3 h5 6. Nd2 h4 7. c3 h3 8. Bf1 e5 9. e3 Nc6 10. Be2 e4 11. dxe4 Ne5 12. f4 gxf3 13. Ngxf3 Ng4 14. Nf1 Bc5 15. Qxd5 Qe7 16. Nd4 N8f6 17. Qc4 Nxe4 18. b4 Ngf2 19. bxc5 Nxh1 20. c6 b6 21. Bf3 Nhf2 22. Nd2 Nxd2 23. Bxd2 Ng4 24. Nf5 Bxf5 25. Bxg4 Bxg4 26. Qxg4 Qe6 27. Qd4 Ke7 28. c4 Rhd8 29. Bb4+ Rd6 30. O-O-O Rd8 31. Qh4+ Ke8 32. Kb2 Rxd1 33. Qh8# 1-0


[Site "https://www.chess.com"]

[Event "Titled Tuesday Blitz April 11 Late 2023"]
[White "Tarnowska, Aleksandra"]
[Black "Goncalves, Davi Sulzbacher"]
[WhiteFideId "1180967"]
[BlackFideId "2154510"]
[WhiteElo "1776"]
[BlackElo "2182"]
[Result "1-0"]
[Round "02"]
[TimeControl "180+2"]
[Date "2023.04.11"]
[WhiteClock "0:00:20"]
[BlackClock "0:00:17"]

1. e4 c5 2. Nf3 d6 3. Bb5+ Nd7 4. O-O a6 5. Bxd7+ Bxd7 6. d4 Nf6 7. e5 Nd5 8. exd6 cxd4 9. dxe7 Bxe7 10. Qxd4 Be6 11. c4 Nf6 12. b3 O-O 13. Bb2 Qa5 14. Nc3 Rad8 15. Qf4 Rd3 16. Ne4 Nxe4 17. Qxe4 Rfd8 18. h3 Qh5 19. Qe5 Qxe5 20. Bxe5 Bxh3 21. Ne1 Bxg2 22. Kxg2 R3d7 23. Nf3 f6 24. Bf4 g5 25. Be3 h5 26. Rfe1 Kf7 27. Kf1 Kg6 28. Ke2 f5 29. Rad1 f4 30. Ne5+ Kf5 31. Rxd7 Rxd7 32. Nxd7 Bb4 33. Rh1 h4 34. Bd4 Ke4 35. Bf6 f3+ 36. Kf1 Kf5 37. Bd8 Bd2 38. Nf8 Bf4 39. Nh7 Kg6 40. Nxg5 Bxg5 41. Bxg5 Kxg5 42. b4 Kg4 43. a4 Kg5 44. c5 Kg4 45. b5 Kg5 46. c6 axb5 47. axb5 bxc6 48. bxc6 1-0


[Site "https://www.chess.com"]

[Event "Titled Tuesday Blitz April 11 Late 2023"]
[White "Petrova, Irina"]
[Black "Oliveira, Tiago Batista"]
[WhiteFideId "14124122"]
[BlackFideId "2108291"]
[WhiteElo "2084"]
[BlackElo "1962"]
[Result "1-0"]
[Round "02"]
[TimeControl "180+2"]
[Date "2023.04.11"]
[WhiteClock "0:00:55"]
[BlackClock "0:00:01"]

1. e4 c5 2. Nf3 Nc6 3. Bb5 d6 4. Bxc6+ bxc6 5. O-O g6 6. c3 Bg7 7. d4 cxd4 8. cxd4 Ba6 9. Re1 Nf6 10. e5 dxe5 11. Nxe5 Qc7 12. Bf4 Nh5 13. Be3 O-O 14. Nc3 Rad8 15. Qc2 c5 16. Ne4 c4 17. Rac1 Nf6 18. Nc5 Bb5 19. a4 Be8 20. Qxc4 Nd5 21. Qb3 a5 22. Ne6 Qb8 23. Qxb8 Rxb8 24. Nxf8 Kxf8 25. Nc4 Nb4 26. Red1 Bxa4 27. Rf1 Nd3 28. Ra1 Bb5 29. Nxa5 Nxb2 30. Rfc1 Nd3 31. Rcb1 1-0


[Site "https://www.chess.com"]

[Event "Titled Tuesday Blitz April 11 Late 2023"]
[White "Filgueiras, Nathan Felipe"]
[Black "Koc, Przemyslaw"]
[WhiteFideId "2188562"]
[BlackFideId "1109081"]
[WhiteElo "2241"]
[BlackElo "2161"]
[Result "0-1"]
[Round "02"]
[TimeControl "180+2"]
[Date "2023.04.11"]
[WhiteClock "0:01:36"]
[BlackClock "0:01:00"]

1. e4 d6 2. d4 Nf6 3. Nc3 e5 4. dxe5 dxe5 5. Qxd8+ Kxd8 6. Be3 Be6 7. O-O-O+ Nbd7 8. Bb5 c6 9. Ba4 Ng4 10. Bg5+ f6 11. Bh4 Bc5 12. Nh3 Nh6 13. f3 Bxh3 14. gxh3 Nf7 15. Bb3 Ke7 16. Rxd7+ Kxd7 17. Bxf7 Kc7 18. Rd1 b5 19. Ne2 g5 20. Be1 Rad8 21. Ng3 Be3+ 22. Bd2 Rxd2 23. Rxd2 Rd8 24. Nf1 Bxd2+ 25. Nxd2 c5 26. Kd1 c4 27. Ke2 Kb6 28. Nf1 Kc5 29. Ne3 a5 30. Nd5 Rd6 31. Kf2 h6 32. Kg3 b4 33. Kg4 a4 34. Kh5 a3 35. b3 cxb3 36. cxb3 Kb5 37. Kxh6 Rc6 38. Ne3 Rc3 39. Bc4+ Kc5 40. Nd5 Rxf3 41. Kg6 Rxh3 42. Nxf6 Rxh2 43. Kxg5 Rxa2 44. Nd7+ Kd4 45. Kf5 Rf2+ 46. Ke6 a2 0-1


[Site "https://www.chess.com"]

[Event "Titled Tuesday Blitz April 11 Late 2023"]
[White "Davtyan, David Arm."]
[Black "Winkels, Marcel"]
[WhiteFideId "13310046"]
[BlackFideId "1003887"]
[WhiteElo "2274"]
[BlackElo "1900"]
[Result "0-1"]
[Round "02"]
[TimeControl "180+2"]
[Date "2023.04.11"]
[WhiteClock "0:00:46"]
[BlackClock "0:00:12"]

1. e4 e5 2. Nf3 Nf6 3. Nc3 Nc6 4. Be2 Bc5 5. Nxe5 Nxe5 6. d4 Bd6 7. dxe5 Bxe5 8. Nb5 O-O 9. f4 Bd6 10. e5 Bc5 11. exf6 Qxf6 12. Nxc7 Rb8 13. Nd5 Qh4+ 14. g3 Qh3 15. Be3 Bxe3 16. Nxe3 Re8 17. Qd2 d5 18. O-O-O Be6 19. f5 Bxf5 20. Nxf5 Qxf5 21. Bd3 Qe6 22. Rhe1 Qb6 23. Rxe8+ Rxe8 24. Re1 Rd8 25. Qg5 h6 26. Qf5 g6 27. Qf4 a5 28. Qxh6 a4 29. Qe3 Qb4 30. Qe7 Kg7 31. Rf1 Qxe7 32. a3 d4 33. Rd1 Qe3+ 34. Kb1 Re8 35. Bb5 Re7 36. Bxa4 Qf2 37. Bb3 Re1 38. Rxe1 Qxe1+ 39. Ka2 Qe2 40. a4 Qxh2 41. Ka3 Qxg3 42. Kb4 f5 43. Bc4 f4 44. Bd3 f3 45. Kc4 f2 46. Kxd4 Qf4+ 47. Kc3 f1=Q 48. Bxf1 Qxf1 49. Kb3 g5 50. c3 g4 51. Kb4 g3 52. b3 g2 53. c4 g1=Q 54. a5 Qd4 55. Kb5 Qf5+ 0-1


[Site "https://www.chess.com"]

[Event "Titled Tuesday Blitz April 11 Late 2023"]
[White "Levine, David"]
[Black "Dzida, Kamil"]
[WhiteFideId "2011611"]
[BlackFideId "21828652"]
[WhiteElo "2040"]
[BlackElo "2139"]
[Result "1-0"]
[Round "02"]
[TimeControl "180+2"]
[Date "2023.04.11"]
[WhiteClock "0:00:36"]
[BlackClock "0:00:17"]

1. d4 Nf6 2. c4 e6 3. g3 d5 4. Bg2 Be7 5. Nf3 O-O 6. O-O dxc4 7. Na3 Bxa3 8. bxa3 Nc6 9. Rb1 Rb8 10. a4 b6 11. Ba3 Re8 12. e3 Nd5 13. Qc2 Ba6 14. Rfd1 Qc8 15. Bf1 Na5 16. e4 Nf6 17. e5 Nd5 18. Ng5 g6 19. Ne4 c3 20. Bg2 Nc4 21. Bc1 Qd7 22. Bg5 Na3 23. Qc1 Nxb1 24. Bf6 Nxf6 25. Nxf6+ Kg7 26. Nxd7 Rbd8 27. Nf6 Re7 28. Qxb1 c5 29. dxc5 Rxd1+ 30. Qxd1 Rc7 31. c6 Bc4 32. Qc2 1-0


[Site "https://www.chess.com"]

[Event "Titled Tuesday Blitz April 11 Late 2023"]
[White "Kovalevsky, Stanislav"]
[Black "Gabriel, Robert"]
[WhiteFideId "13508598"]
[BlackFideId "4606477"]
[WhiteElo "2174"]
[BlackElo "2203"]
[Result "1-0"]
[Round "02"]
[TimeControl "180+2"]
[Date "2023.04.11"]
[WhiteClock "0:00:37"]
[BlackClock "0:00:28"]

1. c4 e6 2. e4 c5 3. Nc3 Nc6 4. a3 Nf6 5. Rb1 d5 6. cxd5 exd5 7. exd5 Nxd5 8. Bc4 Be6 9. Nge2 Be7 10. O-O O-O 11. Bxd5 Bxd5 12. Nf4 Bc4 13. d3 Ba6 14. Re1 Bf6 15. Be3 Bd4 16. Qh5 g6 17. Qh3 Qc8 18. Qg3 Qf5 19. Bxd4 Nxd4 20. Ncd5 Kh8 21. b4 b6 22. Nc7 Bb7 23. Nxa8 Bxa8 24. bxc5 Qxc5 25. Rbc1 Qf5 26. Re5 Qf6 27. Qe3 Nf5 28. Qe1 Kg7 29. h3 h6 30. Rc7 Qg5 31. Ne6+ 1-0


[Site "https://www.chess.com"]

[Event "Titled Tuesday Blitz April 11 Late 2023"]
[White "Shahade, Michael"]
[Black "Guzman Moneo, Alberto"]
[WhiteFideId "2001870"]
[BlackFideId "2209616"]
[WhiteElo "2239"]
[BlackElo "2157"]
[Result "0-1"]
[Round "02"]
[TimeControl "180+2"]
[Date "2023.04.11"]
[WhiteClock "0:00:02"]
[BlackClock "0:01:33"]

1. c4 g6 2. Nf3 Bg7 3. Nc3 c5 4. g3 Nc6 5. Bg2 e5 6. O-O Nge7 7. d3 d6 8. Rb1 O-O 9. a3 a5 10. Ne1 Be6 11. Nc2 d5 12. cxd5 Nxd5 13. Nxd5 Bxd5 14. b4 axb4 15. axb4 Bxg2 16. Kxg2 Ra2 17. bxc5 Qd5+ 18. Kg1 Qxc5 19. Ne3 Nd4 20. Bb2 b5 21. Rc1 Qa7 22. Bxd4 exd4 23. Nd5 Re8 24. Re1 Qb7 25. Nb4 Rb2 26. Nc2 b4 27. Na1 Ra8 0-1


[Site "https://www.chess.com"]

[Event "Titled Tuesday Blitz April 11 Late 2023"]
[White "Federzoni, Enzo"]
[Black "Sanchez, Robert"]
[WhiteFideId "2173301"]
[BlackFideId "2034360"]
[WhiteElo "2039"]
[BlackElo "1966"]
[Result "1-0"]
[Round "02"]
[TimeControl "180+2"]
[Date "2023.04.11"]
[WhiteClock "0:01:12"]
[BlackClock "0:01:09"]

1. c4 e6 2. d4 d5 3. Nf3 Be7 4. h3 Nf6 5. Nc3 O-O 6. e3 c6 7. Bd3 Nbd7 8. O-O dxc4 9. Bxc4 b5 10. Bd3 a6 11. a4 Bb7 12. Qe2 b4 13. Ne4 c5 14. Nxf6+ Bxf6 15. Bd2 a5 16. Rfc1 cxd4 17. Nxd4 Ne5 18. Bb1 Ba6 19. Qh5 g6 20. Qd1 Nc4 21. Be1 Nxb2 22. Qb3 Bxd4 23. exd4 Qxd4 24. Ra2 Nd3 25. Rd1 Bc4 26. Qc2 Nxe1 27. Rxd4 Nxc2 28. Rxc2 Bd5 29. Rc5 Rfc8 30. Rxc8+ Rxc8 31. Bd3 Rc1+ 32. Kh2 Rd1 1-0


[Site "https://www.chess.com"]

[Event "Titled Tuesday Blitz April 11 Late 2023"]
[White "Szpar, Milosz"]
[Black "Nakamura, Hikaru"]
[WhiteFideId "1184989"]
[BlackFideId "2016192"]
[WhiteElo "2436"]
[BlackElo "2885"]
[Result "0-1"]
[Round "03"]
[TimeControl "180+2"]
[Date "2023.04.11"]
[WhiteClock "0:00:01"]
[BlackClock "0:00:23"]

1. e4 e5 2. Nf3 Nc6 3. Bb5 a6 4. Ba4 d6 5. O-O Bd7 6. c3 g6 7. d4 Bg7 8. Re1 Nf6 9. Nbd2 O-O 10. h3 b5 11. Bc2 exd4 12. Nxd4 Re8 13. N2f3 Ne5 14. Bf4 c5 15. Nb3 Qc7 16. Nxe5 dxe5 17. Bg5 Be6 18. Qf3 Nd7 19. Rad1 Nb6 20. a3 Na4 21. Bc1 c4 22. Nd2 Nc5 23. Nf1 f6 24. Ne3 h5 25. g4 hxg4 26. hxg4 Rad8 27. Nd5 Qf7 28. Be3 Bxd5 29. Bxc5 Bc6 30. Rxd8 Rxd8 31. Rd1 Rd7 32. Qe2 Bh6 33. f3 Rxd1+ 34. Qxd1 Qd7 35. Kf1 Qxd1+ 36. Bxd1 Bc1 37. b3 a5 38. bxc4 bxc4 39. Be2 Bb5 40. a4 Bxa4 41. Bxc4+ Kg7 42. Bb6 Bd1 43. Bxa5 Bxf3 44. Bd5 Bxg4 45. c4 Ba3 46. Bb6 Bb2 47. Bd8 Bd4 48. Be7 Bc3 49. Bd8 Bb4 50. Bb6 Kf8 51. Kf2 Ke7 52. c5 Be6 53. Ke3 f5 54. Kd3 f4 55. Ke2 Bg4+ 56. Kf2 g5 57. c6 Bc8 58. Kg2 g4 59. Bc7 Bd6 60. Bb6 Kf6 61. Bd8+ Kg6 62. c7 Bc5 63. Bc4 Kg7 64. Kf1 Kf8 65. Bb5 Kf7 66. Kg2 Ke6 67. Kh2 Kd6 68. Kg2 Bb6 69. Bf6 Bxc7 70. Be2 Kc5 0-1


[Site "https://www.chess.com"]

[Event "Titled Tuesday Blitz April 11 Late 2023"]
[White "Naroditsky, Daniel"]
[Black "Goltsev, Dmitry"]
[WhiteFideId "2026961"]
[BlackFideId "24176710"]
[WhiteElo "2633"]
[BlackElo "2336"]
[Result "1/2-1/2"]
[Round "03"]
[TimeControl "180+2"]
[Date "2023.04.11"]
[WhiteClock "0:00:04"]
[BlackClock "0:00:12"]

1. d4 Nf6 2. Nc3 e6 3. Bf4 d5 4. Nb5 Na6 5. e3 c6 6. Nc3 Nc7 7. Bd3 g6 8. h4 Bg7 9. h5 Nxh5 10. Rxh5 gxh5 11. Qxh5 e5 12. Bxe5 Ne6 13. Nf3 Qe7 14. O-O-O Bd7 15. Qh2 Bxe5 16. Nxe5 O-O-O 17. Bf5 h5 18. e4 Rdg8 19. Kb1 dxe4 20. Nxe4 Rg7 21. d5 cxd5 22. Rxd5 Qb4 23. c3 Qa4 24. Rxd7 Rd8 25. Bxe6 Qxe4+ 26. Kc1 fxe6 27. Rxd8+ Kxd8 28. Qxh5 Kc7 29. Nf3 Rxg2 30. Qc5+ Qc6 31. Qe7+ Kb6 32. Qb4+ Kc7 33. Qe7+ Kb6 34. Nd4 Qd5 35. Qb4+ Kc7 36. Qe7+ Kb6 37. Qb4+ Kc7 38. Qe7+ Kb6 1/2-1/2


[Site "https://www.chess.com"]

[Event "Titled Tuesday Blitz April 11 Late 2023"]
[White "Remizov, Yaroslav"]
[Black "Bortnyk, Olexandr"]
[WhiteFideId "34134015"]
[BlackFideId "14120828"]
[WhiteElo "2412"]
[BlackElo "2734"]
[Result "1/2-1/2"]
[Round "03"]
[TimeControl "180+2"]
[Date "2023.04.11"]
[WhiteClock "0:00:21"]
[BlackClock "0:00:39"]

1. e4 Nf6 2. e5 Nd5 3. Nc3 Nxc3 4. bxc3 d6 5. f4 g6 6. Nf3 Bg7 7. Rb1 O-O 8. d4 c5 9. Bd3 dxe5 10. dxe5 Qa5 11. O-O Qxa2 12. Be3 Qd5 13. Qe2 Bg4 14. h3 Bxf3 15. Qxf3 Qxf3 16. Rxf3 Nc6 17. Rxb7 Rfc8 18. Bxc5 Nd8 19. Rxa7 Rxa7 20. Bxa7 Rxc3 21. Rf1 Ne6 22. Be3 h5 23. Rb1 Bh6 24. g3 h4 25. Kf2 hxg3+ 26. Kxg3 Ra3 27. Kf3 Kg7 28. h4 Ra4 29. Be4 Ra3 30. Bd3 Ra4 31. f5 Bxe3 32. fxe6 Bd4 33. Rb7 Bxe5 34. Rxe7 Kf6 35. Rxf7+ Kxe6 36. Bxg6 Rxh4 37. Rb7 Rh3+ 38. Ke2 Rh2+ 39. Kd3 Rh3+ 40. Kc4 Rh4+ 41. Kb3 Bd6 42. Bd3 Rh1 43. Rb5 Rh4 44. c3 Be5 45. Bc4+ Kf6 46. Rd5 Rh3 47. Bd3 Rh8 48. Rb5 Rc8 49. Rb6+ Kg5 50. c4 Kf4 51. Kb4 Ke3 52. Bf5 Rf8 53. Bd7 Kd4 54. c5 Rf1 55. Ba4 Rc1 56. c6 Bd6+ 57. Kb5 Rb1+ 58. Ka6 Ra1 59. Kb5 Rb1+ 60. Ka6 Ra1 61. Kb7 Rxa4 62. c7 Bxc7 63. Kxc7 Kc5 64. Rc6+ Kd5 65. Rd6+ Ke5 66. Rc6 Ra7+ 67. Kb6 Rh7 68. Rc7 Rh6+ 69. Rc6 Rh1 70. Rc5+ Kd6 71. Rc6+ Kd7 72. Rc5 Rb1+ 73. Rb5 Rd1 74. Rc5 Rd2 75. Rc4 Rb2+ 76. Kc5 Rh2 77. Rd4+ Kc7 78. Rd5 Ra2 79. Kd4 Kc6 80. Rc5+ Kd6 81. Rd5+ Kc6 82. Rc5+ Kb6 83. Rd5 Ra1 84. Ke5 Kc7 85. Rc5+ Kd7 86. Rd5+ Kc6 87. Rd6+ Kc7 88. Rd5 Re1+ 89. Kd4 Kb6 90. Re5 Rd1+ 91. Ke4 Kc6 92. Kf4 Kd6 93. Re3 Rf1+ 94. Ke4 Rh1 95. Rf3 Rh4+ 96. Rf4 Rh6 97. Kd4 Rh1 98. Rf6+ Ke7 99. Ra6 Rh4+ 100. Kc5 Rh5+ 101. Kd4 Kd7 102. Rg6 Rh4+ 103. Ke5 Ke7 104. Rg7+ Kf8 105. Ra7 Rh5+ 106. Kf6 Rh6+ 107. Kg5 Rb6 108. Kf5 Ke8 109. Ke5 Kd8 110. Rh7 Kc8 111. Kd5 Rb7 112. Rh8+ Kc7 113. Rh7+ 1/2-1/2


[Site "https://www.chess.com"]

[Event "Titled Tuesday Blitz April 11 Late 2023"]
[White "Andreikin, Dmitry"]
[Black "Leitao, Rafael"]
[WhiteFideId "4158814"]
[BlackFideId "2101246"]
[WhiteElo "2736"]
[BlackElo "2609"]
[Result "0-1"]
[Round "03"]
[TimeControl "180+2"]
[Date "2023.04.11"]
[WhiteClock "0:01:09"]
[BlackClock "0:00:34"]

1. Nf3 Nf6 2. c4 g6 3. b4 Bg7 4. Bb2 O-O 5. g3 d6 6. Bg2 e5 7. d3 c6 8. O-O h6 9. a4 Be6 10. b5 Qc8 11. Nc3 Bh3 12. e4 Bxg2 13. Kxg2 Nbd7 14. Ba3 Qc7 15. Nd2 Nc5 16. Nb3 Ne6 17. a5 Qd7 18. a6 Ng5 19. f3 bxa6 20. bxc6 Qxc6 21. Na5 Qd7 22. Ra2 Rab8 23. Qa4 Qh3+ 24. Kg1 Nh5 25. Rg2 f5 26. Bxd6 fxe4 27. Bxf8 Nxf3+ 28. Rxf3 exf3 29. Rf2 Rxf8 30. Ne4 Nf6 31. Qc6 Ng4 32. Qc5 Nxf2 33. Qxf2 Rb8 34. Nd2 e4 35. Nab3 e3 36. Qxf3 exd2 37. Nxd2 Bd4+ 38. Kh1 Qe6 39. Kg2 Rf8 0-1


[Site "https://www.chess.com"]

[Event "Titled Tuesday Blitz April 11 Late 2023"]
[White "Vachier-Lagrave, Maxime"]
[Black "Rodshtein, Maxim"]
[WhiteFideId "623539"]
[BlackFideId "2806851"]
[WhiteElo "2740"]
[BlackElo "2555"]
[Result "1-0"]
[Round "03"]
[TimeControl "180+2"]
[Date "2023.04.11"]
[WhiteClock "0:01:04"]
[BlackClock "0:00:11"]

1. c4 e6 2. Nc3 d5 3. d4 Nf6 4. Bg5 Be7 5. e3 h6 6. Bh4 Nbd7 7. Rc1 O-O 8. cxd5 exd5 9. Bd3 c6 10. Nge2 Nh5 11. Bxe7 Qxe7 12. O-O Re8 13. Qc2 Nhf6 14. Rce1 Qd6 15. Ng3 Nf8 16. f3 Bd7 17. Qf2 Rad8 18. Re2 c5 19. dxc5 Qxc5 20. Rd1 Qb6 21. a3 Ne6 22. Nf5 Nc5 23. Nd4 Nxd3 24. Rxd3 Rc8 25. h3 a5 26. g4 Qc5 27. Kg2 b5 28. Rc2 b4 29. axb4 axb4 30. Na2 Qa5 31. Nc1 Rxc2 32. Qxc2 Rc8 33. Qd2 Bb5 34. Rb3 Bc4 35. Qxb4 Qa6 36. Ra3 Bf1+ 37. Kf2 1-0


[Site "https://www.chess.com"]

[Event "Titled Tuesday Blitz April 11 Late 2023"]
[White "Klukin, Kirill"]
[Black "Bluebaum, Matthias"]
[WhiteFideId "24199273"]
[BlackFideId "24651516"]
[WhiteElo "2344"]
[BlackElo "2638"]
[Result "0-1"]
[Round "03"]
[TimeControl "180+2"]
[Date "2023.04.11"]
[WhiteClock "0:00:03"]
[BlackClock "0:00:44"]

1. c4 e6 2. Nc3 d5 3. d4 Bb4 4. Nf3 Nf6 5. Bd2 O-O 6. e3 Re8 7. Bd3 c5 8. cxd5 exd5 9. O-O c4 10. Be2 Nc6 11. a4 Na5 12. Qc2 Nb3 13. Rad1 Bg4 14. h3 Bh5 15. Nxd5 Nxd2 16. Nxb4 Nxf1 17. Rxf1 Rc8 18. Na2 a6 19. Nc3 Nd5 20. Ne5 Bxe2 21. Qxe2 Nxc3 22. bxc3 b5 23. axb5 axb5 24. Rb1 f6 25. Nf3 Qa5 26. Qb2 Rb8 27. Nd2 Rec8 28. Ra1 Qb6 29. Qb4 Ra8 30. Rb1 Qa5 31. Qxb5 Qxc3 32. Ne4 Qa5 33. Qd7 Rc7 34. Qe6+ Kh8 35. Nd6 h6 36. Nxc4 Qa2 37. Rb4 Rac8 38. d5 Rxc4 39. Rxc4 Qxc4 40. g3 Rd8 41. e4 Qc8 42. Qe7 Re8 43. Qb4 Qxh3 44. d6 Qd7 45. f4 Qe6 46. Qd4 Qxe4 47. d7 Qxd4+ 0-1


[Site "https://www.chess.com"]

[Event "Titled Tuesday Blitz April 11 Late 2023"]
[White "Oro, Faustino"]
[Black "Hakobyan, Aram"]
[WhiteFideId "20000197"]
[BlackFideId "13306677"]
[WhiteElo "1984"]
[BlackElo "2584"]
[Result "0-1"]
[Round "03"]
[TimeControl "180+2"]
[Date "2023.04.11"]
[WhiteClock "0:00:04"]
[BlackClock "0:00:39"]

1. e4 d5 2. exd5 Qxd5 3. Nc3 Qa5 4. d4 Nf6 5. Nf3 Bf5 6. Bc4 e6 7. O-O Bb4 8. Bd2 Nc6 9. a3 Bxc3 10. Bxc3 Qb6 11. a4 a5 12. Ne5 O-O 13. Bb5 Nxe5 14. dxe5 Nd5 15. Qf3 Bxc2 16. Rac1 Bg6 17. h4 h6 18. h5 Bh7 19. Qg4 c6 20. Bd2 Kh8 21. Bc4 Qxb2 22. Rfd1 Bc2 23. Re1 Bf5 24. Qe2 Rfd8 25. Red1 Nb4 26. Qe1 Nc2 27. Qe2 Nd4 28. Qe3 Nc2 29. Qe2 Na3 30. Qe3 Nxc4 31. Rxc4 Rd3 32. Qe1 Rad8 0-1


[Site "https://www.chess.com"]

[Event "Titled Tuesday Blitz April 11 Late 2023"]
[White "Tang, Andrew"]
[Black "Riehle, Marco"]
[WhiteFideId "2059630"]
[BlackFideId "12904392"]
[WhiteElo "2596"]
[BlackElo "2462"]
[Result "1-0"]
[Round "03"]
[TimeControl "180+2"]
[Date "2023.04.11"]
[WhiteClock "0:00:08"]
[BlackClock "0:00:43"]

1. d4 d5 2. Bf4 h5 3. Nf3 e6 4. e3 f6 5. h3 g5 6. Bg3 h4 7. Bh2 Bd6 8. c4 Bxh2 9. Nxh2 Ne7 10. Qc2 c5 11. dxc5 Nbc6 12. Nc3 Qa5 13. a3 Qxc5 14. b4 Qb6 15. Rd1 Ne5 16. cxd5 exd5 17. Bb5+ Kf7 18. Be2 Be6 19. Nf3 N5g6 20. Nd4 Rac8 21. Qb3 Rhd8 22. O-O Kg7 23. Na4 Qd6 24. Nc5 Bf7 25. Nxb7 Qb8 26. Nxd8 Rxd8 27. Rd2 Ne5 28. Rfd1 Rc8 29. Qb2 Nc4 30. Bxc4 Rxc4 31. Rc1 Qc7 32. Rdc2 Kg6 33. Nf3 Be6 34. Nd2 Rxc2 35. Qxc2+ Qxc2 36. Rxc2 Nf5 37. Rc7 d4 38. exd4 Nxd4 39. Rxa7 Ne2+ 40. Kh2 f5 41. Ra6 Kf7 42. b5 g4 43. hxg4 fxg4 44. g3 h3 45. b6 Bd5 46. Ra5 Bc6 47. Rc5 Nd4 48. Rc4 Nf3+ 49. Nxf3 Bxf3 50. Rf4+ Kg7 51. Rxf3 1-0


[Site "https://www.chess.com"]

[Event "Titled Tuesday Blitz April 11 Late 2023"]
[White "Kushko, Dmitriy"]
[Black "Paravyan, David"]
[WhiteFideId "14162261"]
[BlackFideId "4194985"]
[WhiteElo "2230"]
[BlackElo "2563"]
[Result "0-1"]
[Round "03"]
[TimeControl "180+2"]
[Date "2023.04.11"]
[WhiteClock "0:00:45"]
[BlackClock "0:02:17"]

1. g3 Nf6 2. Bg2 c5 3. c4 Nc6 4. Nc3 e6 5. Nf3 d5 6. cxd5 exd5 7. d4 cxd4 8. Nxd4 Bc5 9. Nb3 Bb6 10. O-O d4 11. Na4 O-O 12. Bf4 Re8 13. h3 Bf5 14. Rc1 Be4 15. Bxe4 Nxe4 16. h4 Qd5 17. Nc3 Qf5 18. Nxe4 Rxe4 19. Qd3 Rae8 20. Nd2 Rxf4 21. gxf4 Qg4+ 22. Qg3 Qxg3+ 23. fxg3 d3+ 24. Kh1 dxe2 25. Rfe1 Bf2 26. Kg2 Bxe1 27. Rxe1 Nb4 28. Kf3 Nc2 0-1


[Site "https://www.chess.com"]

[Event "Titled Tuesday Blitz April 11 Late 2023"]
[White "Caruana, Fabiano"]
[Black "Yuan, Qingyu"]
[WhiteFideId "2020009"]
[BlackFideId "8609772"]
[WhiteElo "2837"]
[BlackElo "2359"]
[Result "1-0"]
[Round "03"]
[TimeControl "180+2"]
[Date "2023.04.11"]
[WhiteClock "0:00:19"]
[BlackClock "0:00:01"]

1. d3 d5 2. Nf3 Nf6 3. g3 g6 4. Bg2 Bg7 5. O-O O-O 6. Nbd2 c5 7. e4 Nc6 8. Re1 h6 9. c3 e5 10. exd5 Nxd5 11. Ne4 b6 12. a4 Be6 13. a5 Qc7 14. a6 Rad8 15. Qc2 Rfe8 16. Ned2 f5 17. Nc4 Bf7 18. Bd2 Nf6 19. Na3 g5 20. h4 e4 21. dxe4 fxe4 22. Nxg5 hxg5 23. Bxg5 Bg6 24. Nb5 Qf7 25. Bxf6 Qxf6 26. Bxe4 Rxe4 27. Rxe4 Bxe4 28. Qxe4 Rd2 29. Rf1 Rxb2 30. Qd5+ Kh7 31. Nd6 Ne5 32. Ne4 Qf5 33. Ng5+ Kg6 34. Qa8 Qd7 35. Re1 Rc2 36. Qg8 Rxf2 37. Qh7+ Kf6 38. Ne4+ Ke6 39. Nxf2 1-0


[Site "https://www.chess.com"]